 Dungeon Crawl Stone Soup version 0.31-a0-564-g3b7de120b3 (webtiles) character file.

Game seed: 1453591746712758472

7 ytrimaz the Ruffian (level 1, -3/15 HPs)
             Began as a Demonspawn Shapeshifter on Aug 18, 2023.
             Killed from afar by a dart slug (4 damage)
             ... with a slug dart
             ... on level 1 of the Dungeon.
             The game lasted 00:00:12 (80 turns).

ytrimaz the Ruffian (Demonspawn Shapeshifter)         Turns: 80, Time: 00:00:13

Health: -3/15      AC:  2    Str: 15    XL:     1   Next: 83%
Magic:  1/1        EV: 12    Int:  9    God:
Gold:   3          SH:  0    Dex: 13    Spells: 0/0 levels left

rFire   . .          .
                       - Unarmed
rCold   . . .        (no shield)
rNeg    . . .        a - +0 animal skin
rPois   .            (helmet currently unavailable)
rElec   .            (cloak currently unavailable)
rCorr   .            (gloves currently unavailable)
SInv    .            (boots currently unavailable)
Will    .....        (no amulet)
Stlth   +            (no ring)
HPRegen 0.22/turn    (no ring)
MPRegen 0.07/turn

%: no passive effects
@: beast-form
A: beast (slay +1)
a: Begin Untransformation


You were on level 1 of the Dungeon.
You were a hulking beast.
You visited 1 branch of the dungeon, and saw 1 of its levels.

You collected 3 gold pieces.


   Skills:
 - Level 1.0 Fighting
 + Level 2.0 Dodging
 + Level 2.8 Unarmed Combat
 + Level 2.8 Shapeshifting


You couldn't memorise any spells.
You didn't know any spells.
Your spell library was empty.

Inventory:

Armour
 a - a +0 animal skin (worn)
Talismans
 c - a beast talisman (active)
 d - a flux talisman
Scrolls
 e - a scroll of fog {unknown}
Potions
 b - a potion of lignification

Dungeon Overview and Level Annotations

Branches:
Dungeon (1/15) Zot: 5919

Altars:

######## ###
#......## #..
##...##..#####
##..
#8...8##.....##
#..
##...#######..#
#.# # #...#
##.###.##.#..#.
##...##
#...w..†......
#8...8#
###h#.##.###..
###...## #
#.#... #
8##...##8##
..###..#
...........
.#.. #.#
...........
..### ...
........... ..
.##
8###8###8###8#
. ## ## ## ##


You could see a dart slug.


Message History

A goblin comes into view. It is wielding a +0 club.
The hobgoblin closely misses you.
The goblin shouts!
You hit the hobgoblin.
Unknown command.
You hit the hobgoblin.
You kill the hobgoblin!
The goblin misses you.
Unknown command.
You hit the goblin.
The goblin hits you with a +0 club. 😕 HP[-1]
You take 1 damage, and now have 14/15 hp.
You hit the goblin.
You kill the goblin!
No target in view!
Unknown command.
You now have 3 gold pieces.
Key pressed, stopping explore.
A dart slug comes into view. 😎 HP[+1]
Your hp is fully restored (15).
A dart slug is nearby!
A dart slug is nearby!
An endoplasm comes into view.
A bat and a quokka come into view.
The dart slug launches a dart at you. The slug dart misses you.
A bat comes into view.
The bat hits you but does no damage.
You barely miss the bat. The bat hits you but does no damage.
The bat hits you. 😕 HP[-1]
You take 1 damage, and now have 14/15 hp.
You hit the bat. The bat misses you. The dart slug launches a dart at you.
The slug dart hits you.
You closely miss the quokka. The quokka bites you. 😮 HP[-4]
You take 4 damage, and now have 10/15 hp.
MASSIVE DAMAGE!! (PAUSE)
You hit the quokka. The quokka barely misses you.
You are too injured to fight recklessly!
You closely miss the quokka. The bat barely misses you. x2
The quokka bites you.
* * * LOW HITPOINT WARNING * * *
😨 HP[-3]
You take 3 damage, and now have 7/15 hp.
You hit the quokka.
You kill the quokka!
The bat hits you but does no damage. The bat barely misses you. x2
You are too injured to fight recklessly!
You punch the bat!
You kill the bat!
The bat barely misses you. The bat hits you but does no damage.
The dart slug launches a dart at you. The slug dart misses you.
Unknown command. 😮 HP[+1]
The bat hits you but does no damage.
The endoplasm quivers.
The bat hits you.
* * * LOW HITPOINT WARNING * * *
😨 HP[-1]
You take 1 damage, and now have 7/15 hp.
The bat barely misses you. 😮 HP[+1] Unknown command.
The bat hits you but does no damage. The endoplasm hits you.
* * * LOW HITPOINT WARNING * * *
😨 HP[-1]
You take 1 damage, and now have 7/15 hp.
You hit the endoplasm. The bat hits you but does no damage.
The endoplasm freezes you.
You are frozen.
* * * LOW HITPOINT WARNING * * *
😨 HP[-3]
You take 3 damage, and now have 4/15 hp.
Unknown command.
You are too injured to fight recklessly!
You hit the endoplasm.
You kill the endoplasm!
The bat hits you but does no damage. The dart slug launches a dart at you.
The slug dart hits you.
* * * LOW HITPOINT WARNING * * *
Your Dodging skill increases to level 2! 😱 HP[-2]
You take 2 damage, and now have 2/15 hp.
The bat hits you but does no damage. 😱 HP[+1] Unknown command.
You punch the bat!
You kill the bat!
The dart slug launches a dart at you. The slug dart hits you.
* * * LOW HITPOINT WARNING * * *
😱 HP[-2]
You take 2 damage, and now have 1/15 hp.
The dart slug launches a dart at you. The slug dart hits you.
You die...

Skill      XL: |  1 |
---------------+----+-----
Dodging        | 2 |  2.0
Fighting       | |  1.0
Unarmed Combat | |  2.8
Shapeshifting  | |  2.8

Action                     || total
---------------------------++-------
  Melee: Unarmed           ||    14
 Armour: Animal skin       ||     9
  Dodge: Dodged            ||    12

Levels and vault maps discovered:
D:1:      eino_arrival_water_cross, layout_basic, serial_corexii_hall,
          corexii_hall_statues_l, corexii_hall_statues_t,
          minmay_misc_feat_enclosed, grunt_decor_fettered, serial_park_tiny_1,
          minmay_octomino_c4

Notes
Turn   | Place    | Note
-------+----------+-------------------------------------------
     0 | D:1      | ytrimaz the Demonspawn Shapeshifter began the quest for the
                  | Orb.
     0 | D:1      | Reached XP level 1. HP: 15/15 MP: 1/1
     0 | D:1      | magus.rc [v1.9.6]
    77 | D:1      | HP: 2/15 [dart slug/slug dart (2)]
    78 | D:1      | Reached skill level 2 in Dodging
    80 | D:1      | Killed from afar by a dart slug

Vanquished Creatures
  An endoplasm (D:1)
  A goblin (D:1)
  A hobgoblin (D:1)
  A quokka (D:1)
  2 bats (D:1)
6 creatures vanquished.

Table legend:
 A = Non-vault XP
 B = Vault XP
 C = Vault XP percentage of total XP
 D = Non-vault monster count
 E = Vault monster count
 F = Vault count percentage of total count
                 A         B        C        D         E       F
            +---------+---------+-------+---------+---------+-------
      Total |       6 |       4 |  40.0 |       3 |       3 |  50.0
            +---------+---------+-------+---------+---------+-------
        D:1 |       6 |       4 |  40.0 |       3 |       3 |  50.0
            +---------+---------+-------+---------+---------+-------

Skill      XL: |  1 |
---------------+----+-----
Dodging        | 2 |  2.0
Fighting       | |  1.0
Unarmed Combat | |  2.8
Shapeshifting  | |  2.8

Action                     || total
---------------------------++-------
  Melee: Unarmed           ||    14
 Armour: Animal skin       ||     9
  Dodge: Dodged            ||    12

Illustrated notes

Table legend:
 A = Kills in this place as a percentage of kills in the entire game.
 B = Kills by you in this place as a percentage of kills by you in the entire game.
 C = Kills by friends in this place as a percentage of kills by friends in the entire game.
 D = Other kills in this place as a percentage of other kills in the entire game.
 E = Experience gained in this place as a percentage of experience gained in the entire game.
 F = Experience gained in this place divided by the number of levels of this place that you have seen.
                   A       B       C       D       E      F
               +-------+-------+-------+-------+-------+----------------------
         Total | 100.0 | 100.0 |   N/A |   N/A | 100.0 |  10.0
       Dungeon | 100.0 | 100.0 |   N/A |   N/A | 100.0 |  10.0
               +-------+-------+-------+-------+-------+----------------------

Table legend: (Time is in decaauts)
 A = Elapsed time spent in this place.
 B = Non-inter-level travel time spent in this place.
 C = Inter-level travel time spent in this place.
 D = Time resting spent in this place.
 E = Time spent auto-exploring this place.
 F = Levels seen in this place.
 G = Mean time per level.
                   A        B        C        D        E       F      G
               +--------+--------+--------+--------+--------+-----+--------+
         Total |     79 |     79 |      0 |      0 |     43 |   1 |   79.0 |
       Dungeon |     79 |     79 |      0 |      0 |     43 |   1 |   79.0 |
               +--------+--------+--------+--------+--------+-----+--------+

Top non-repeatable levels by time:
     D:1: 79 daAuts
